 Dungeon Crawl Stone Soup version 0.28-a0-899-gf2b78a14d2 (webtiles) character file.

Game seed: 16065546448545088236

930 Htamos the Sneak (level 7, -1/35 HPs)
             Began as a Spriggan Conjurer on Nov 23, 2021.
             Slain by a wyvern zombie (14 damage)
             ... on level 6 of the Dungeon.
             The game lasted 00:16:22 (6303 turns).

Htamos the Sneak (Spriggan Conjurer)                Turns: 6303, Time: 00:16:24

Health: -1/35      AC:  2    Str:  4    XL:     7   Next: 86%
Magic:  5/15       EV: 18    Int: 21    God:
Gold:   221        SH:  0    Dex: 13    Spells: 11/15 levels left

rFire   . . .      SeeInvis +   j - +0 short sword (drain)
rCold   . . .      Faith    .   (shield restricted)
rNeg    . . .      Spirit   .   a - +0 robe
rPois   .          Reflect  .   (helmet restricted)
rElec   .          Harm     .   (no cloak)
rCorr   .          Rampage  .   (gloves unavailable)
Will    +....                   (boots unavailable)
Stlth   +++.......              (no amulet)
HPRegen 0.11/turn               (no ring)
MPRegen 0.14/turn               (no ring)

@: very quick
A: very small, no large weapons, unfitting armour, see invisible, speed 3
a: no special abilities


You were on level 6 of the Dungeon.
You visited 1 branch of the dungeon, and saw 6 of its levels.

You collected 221 gold pieces.

Inventory:

Hand Weapons
 c - a +0 dagger
 j - a +0 short sword of draining (weapon)
Missiles
 b - 92 stones
 p - 18 poisoned darts
Armour
 a - a +0 robe (worn)
Magical Staves
 l - a staff of cold
Jewellery
 d - an amulet of faith
Wands
 s - a wand of digging (5)
Scrolls
 f - a scroll of silence {unknown}
 h - a scroll of acquirement {unknown}
 i - 2 scrolls of immolation {unknown}
 k - a scroll of blinking {unknown}
 m - 2 scrolls of magic mapping
 o - a scroll of fear {unknown}
 q - 3 scrolls of teleportation {unknown}
 t - 2 scrolls of identify {@rr}
Potions
 e - a potion of flight {unknown}
 g - a potion of curing {@qc}
 n - 2 potions of brilliance {unknown}
 r - a potion of lignification
 u - 2 potions of invisibility {unknown}


   Skills:
 + Level 2.2 Fighting
 + Level 3.0 Short Blades
 + Level 5.2 Dodging
 + Level 6.0 Stealth
 + Level 4.9 Spellcasting
 + Level 4.0 Conjurations
 + Level 2.4 Summonings
 + Level 2.1 Evocations


You had 11 spell levels left.
You knew the following spells:

 Your Spells              Type           Power      Damage    Failure   Level
a - Magic Dart            Conj           84%        1d7       2%          1
b - Summon Small Mammal   Summ           60%        N/A       4%          1
c - Call Imp              Summ           15%        N/A       6%          2

Your spell library contained the following spells:

 Spells                   Type           Power      Damage    Failure   Level
 Searing Ray              Conj           42%        2d6       3%          2
 Animate Skeleton         Necr           10%        N/A       11%         1
 Apportation              Tloc           10%        N/A       11%         1
 Dazzling Flash           Conj/Hex       26%        N/A       14%         3
 Blink                    Tloc           10%        N/A       17%         2
 Mephitic Cloud           Conj/Pois/Air  10%        N/A       19%         3
 Lesser Beckoning         Tloc           5%         N/A       32%         3
 Fulminant Prism          Conj/Hex       6%         3d7       43%         4
 Iskenderun's Mystic Bla  Conj/Tloc      13%        2d5       43%         4
 Manifold Assault         Tloc           5%         N/A       97%         5


Dungeon Overview and Level Annotations

Branches:
Dungeon (6/15)
 Temple: D:4-7

Altars:
Dithmenos
Ru
Wu Jian

Annotations:
D:2 Sigmund
D:3 Natasha
D:4 Ijyb


Innate Abilities, Weirdness & Mutations

You are very small and have problems with some larger weapons.
You are too small for most types of armour.
You have supernaturally acute eyesight. (SInv)
You cover ground extremely quickly. (Speed+++)


Message History

Confirm with . or Enter, or press ? or * to list all spells.
Aiming: Magic Dart (safe; 2% risk of failure)
Press: ? - help, Shift-Dir - straight line, f/p - wyvern zombie
Aim: a wyvern zombie (moderately damaged, 100% to hit)
The magic dart hits the wyvern zombie.
The wyvern zombie is heavily damaged.
The wyvern zombie bites you!
Casting: Magic Dart (safe; 2% risk of failure)
Confirm with . or Enter, or press ? or * to list all spells.
Aiming: Magic Dart (safe; 2% risk of failure)
Press: ? - help, Shift-Dir - straight line, f/p - wyvern zombie
Aim: a wyvern zombie (heavily damaged, ally target, 100% to hit)
The magic dart hits the wyvern zombie.
The wyvern zombie is heavily damaged.
Your quokka bites the wyvern zombie.
The wyvern zombie bites you!
* * * LOW HITPOINT WARNING * * *
Your quokka bites the wyvern zombie.
Your magical contamination has completely faded away.
The wyvern zombie closely misses your quokka.
Your quokka bites the wyvern zombie but does no damage.
The wyvern zombie bites your quokka!
Your quokka dies!
Your quokka's corpse disappears in a puff of smoke!
Casting: Magic Dart (safe; 2% risk of failure)
Confirm with . or Enter, or press ? or * to list all spells.
Aiming: Magic Dart (safe; 2% risk of failure)
Press: ? - help, Shift-Dir - straight line, f/p - wyvern zombie
Aim: a wyvern zombie (severely damaged, 100% to hit)
The magic dart hits the wyvern zombie.
The wyvern zombie is almost destroyed.
There is a stone staircase leading up here.
Casting: Magic Dart (safe; 2% risk of failure)
Confirm with . or Enter, or press ? or * to list all spells.
Aiming: Magic Dart (safe; 2% risk of failure)
Press: ? - help, Shift-Dir - straight line, f/p - wyvern zombie
Aim: a wyvern zombie (almost destroyed, 100% to hit)
The magic dart hits the wyvern zombie.
The wyvern zombie is almost destroyed.
The wyvern zombie bites you!
You die...

#.# .# .#.
.#
Z.#####.#
.......###.
..........
........!
#........
#.######
#.#@Z..#
#r#.##.#
#.#..#.#
#ยง####.#
#..Z...#
######.#
#.# ###


You could see a wyvern zombie.

Vanquished Creatures
  An ogre (D:4)
  2 phantoms
  A bullfrog (D:4)
  An iguana (D:5)
  A howler monkey skeleton (D:5)
  4 adders
  A shadow imp (D:5)
  2 dart slugs (D:3)
  3 orcs
  6 bats
  5 endoplasms
  3 giant cockroaches
  9 goblins
  7 hobgoblins
  2 jackals (D:5)
  3 kobolds (D:1)
  3 quokkas
  9 ball pythons
  A frilled lizard (D:1)
64 creatures vanquished.

Vanquished Creatures (collateral kills)
  2 phantoms (D:5)
  A scorpion (D:4)
  A bullfrog zombie (D:5)
  A hound (D:5)
  A centaur zombie (D:5)
  A gnoll shaman (D:4)
  3 iguanas (D:5)
  A howler monkey skeleton (D:4)
  5 gnolls (D:4)
  2 dart slugs (D:1)
  2 jackals (D:5)
20 creatures vanquished.

Grand Total: 84 creatures vanquished

Notes
Turn   | Place    | Note
-------+----------+-------------------------------------------
     0 | D:1      | Htamos the Spriggan Conjurer began the quest for the Orb.
     0 | D:1      | Reached XP level 1. HP: 9/9 MP: 5/5
   237 | D:1      | Learned a level 1 spell: Summon Small Mammal
   325 | D:1      | Reached XP level 2. HP: 13/13 MP: 1/6
  1090 | D:1      | Reached XP level 3. HP: 16/16 MP: 2/8
  1780 | D:2      | Noticed Sigmund
  1948 | D:3      | Reached skill level 4 in Stealth
  2273 | D:2      | Reached XP level 4. HP: 21/21 MP: 3/10
  2443 | D:3      | Found a faded altar of an unknown god.
  2978 | D:3      | Noticed Natasha
  3092 | D:4      | Noticed a bullfrog
  3430 | D:4      | Noticed an ogre
  3435 | D:4      | Learned a level 2 spell: Call Imp
  3451 | D:4      | Killed an ogre
  3452 | D:4      | Reached skill level 1 in Short Blades
  3452 | D:4      | Reached skill level 1 in Summonings
  3452 | D:4      | Reached XP level 5. HP: 25/25 MP: 1/11
  3721 | D:4      | Reached skill level 1 in Fighting
  3753 | D:4      | Reached XP level 6. HP: 24/30 MP: 0/13
  4171 | D:4      | Reached skill level 5 in Stealth
  4447 | D:4      | Noticed Ijyb
  4477 | D:4      | Found a sacrificial altar of Ru.
  5027 | D:5      | Entered Level 5 of the Dungeon
  5047 | D:5      | Found an ornate altar of the Wu Jian Council.
  5170 | D:5      | Reached XP level 7. HP: 34/34 MP: 6/14
  5308 | D:5      | Reached skill level 1 in Evocations
  5734 | D:5      | Reached skill level 5 in Dodging
  6220 | D:5      | Found a shadowy altar of Dithmenos.
  6233 | D:5      | Reached skill level 6 in Stealth
  6303 | D:6      | Slain by a wyvern zombie

Illustrated notes

Levels and vault maps discovered:
D:1:      eino_arrival_druids_welcome, layout_loops_ring
D:2:      layout_basic, uniq_sigmund
D:3:      layout_basic, hellmonk_ecumenical_altar_leap_of_faith, uniq_natasha
D:4:      layout_basic, nicolae_ru_awakened_eye, corexii_corridor_pit, uniq_ijyb
D:5:      layout_cave_pools, grunt_dithmenos_shadows,
          mainiacjoe_overflow_alcove_4
D:6:      layout_basic, grunt_temple_overflow_open, nicolae_lava_and_water

Skill      XL: |  1  2  3  4  5  6  7 |
---------------+----------------------+-----
Conjurations   | 3 4 |  4.0
Dodging        | 3 4 5 |  5.2
Spellcasting   | 3 4 |  4.9
Stealth        | 4 5 6 |  6.0
Short Blades   | 1 2 3 |  3.0
Summonings     | 1 2 |  2.4
Fighting       | 1 2 |  2.2
Evocations     | 2 |  2.1

Action                   |  1- 3 |  4- 6 |  7- 9 || total
-------------------------+-------+-------+-------++-------
Melee: Dagger            |     6 |       |       ||     6
       Short sword       |     2 |     2 |     1 ||     5
 Cast: Magic Dart        |    93 |    70 |    67 ||   230
       Summon Small Mamm |    14 |    32 |    20 ||    66
       Call Imp          |       |    28 |    10 ||    38
  Use: Scroll            |     1 |     2 |       ||     3
 Stab: Sleeping          |     2 |       |       ||     2
Armor: Robe              |     1 |     1 |     1 ||     3
Dodge: Dodged            |    22 |    15 |    35 ||    72

Table legend: (Time is in decaauts)
 A = Elapsed time spent in this place.
 B = Non-inter-level travel time spent in this place.
 C = Inter-level travel time spent in this place.
 D = Time resting spent in this place.
 E = Time spent auto-exploring this place.
 F = Levels seen in this place.
 G = Mean time per level.
                   A        B        C        D        E       F      G
               +--------+--------+--------+--------+--------+-----+--------+
         Total |   5141 |   5023 |    118 |   1255 |   2784 |   6 |  856.8 |
       Dungeon |   5141 |   5023 |    118 |   1255 |   2784 |   6 |  856.8 |
               +--------+--------+--------+--------+--------+-----+--------+

Top non-repeatable levels by time:
     D:1: 1212 daAuts
     D:4: 1209 daAuts
     D:3: 1112 daAuts
     D:5: 1002 daAuts
     D:2: 570 daAuts
     D:6: 34 daAuts
